 Dungeon Crawl Stone Soup version 0.29-a0-271-gd4eb659eea (webtiles) character file.

Game seed: 12335101920347051488

74 Hubjo the Shield-Bearer (level 4, 0/34 HPs)
             Began as a Demonspawn Wanderer on Mar 8, 2022.
             Was an Initiate of Hepliaklqana.
             Slain by a worm (7 damage)
             ... on level 2 of the Dungeon.
             The game lasted 00:03:56 (2048 turns).

Hubjo the Shield-Bearer (Demonspawn Wanderer)       Turns: 2048, Time: 00:03:57

Health: 0/34       AC:  8    Str: 10    XL:     4   Next: 9%
Magic:  6/6        EV:  9    Int: 16    God:    Hepliaklqana [......]
Gold:   174        SH:  5    Dex: 16    Spells: 1/6 levels left

rFire   . . .      SeeInvis .   a - +0 dagger
rCold   . . .      Faith    .   d - +0 buckler {AC+3}
rNeg    . . .      Spirit   .   b - +0 ring mail
rPois   .          Reflect  .   (no helmet)
rElec   .          Harm     .   (no cloak)
rCorr   .          Rampage  .   (no gloves)
Will    .....                   (no boots)
Stlth   +.........              (no amulet)
HPRegen 0.11/turn               (no ring)
MPRegen 0.10/turn               (no ring)

@: no status effects
A: powered by death 1, big brain 1, demonic magic 1
a: Renounce Religion


You were on level 2 of the Dungeon.
You worshipped Hepliaklqana.
Hepliaklqana was noncommittal.
You visited 1 branch of the dungeon, and saw 2 of its levels.

You collected 174 gold pieces.

Inventory:

Hand Weapons
 a - a +0 dagger (weapon)
Armour
 b - a +0 ring mail (worn)
 d - a +0 buckler of protection (worn)
Scrolls
 e - a scroll of silence {unknown}
 f - a scroll of teleportation {unknown}
 h - a scroll of acquirement {unknown}
 i - 4 scrolls of magic mapping {unknown}
 k - a scroll of torment {unknown}
 l - 2 scrolls of blinking {unknown}
Potions
 c - a potion of curing {unknown}
 g - a potion of attraction {unknown}


   Skills:
 + Level 2.9 Fighting
 + Level 2.1 Armour
 + Level 3.0 Shields
 * Level 1.6 Spellcasting
 + Level 1.6 Summonings
 + Level 2.0 Invocations


You had one spell level left.
You knew the following spells:

 Your Spells              Type           Power      Damage    Failure   Level
a - Summon Small Mammal   Summ           24%        N/A       36%         1
b - Summon Lightning Spi  Summ/Air       3%         N/A       99%         4

Your spell library contained the following spells:

 Spells                   Type           Power      Damage    Failure   Level
 Summon Guardian Golem    Hex/Summ       3%         N/A       83%         3
 Storm Form               Tmut/Air       0%         N/A       100%        7
 Maxwell's Capacitive Co  Air            0%         ∞         100%        8


Dungeon Overview and Level Annotations

Branches:
Dungeon (2/15)

Altars:
Hepliaklqana

Shops:
D:1 [(**


Innate Abilities, Weirdness & Mutations

You regenerate a little health from kills.
You have an unusually large brain. (Int +2)
Spells you cast may paralyse adjacent enemies.


Message History

The worm is moderately wounded.
You hit the worm but do no damage.
The worm is moderately wounded.
The worm bites you but does no damage.
You hit the worm.
The worm is moderately wounded.
The worm bites you.
You hit the worm.
The worm is heavily wounded.
You barely miss the worm.
The worm is heavily wounded.
The worm bites you.
You barely miss the worm.
The worm is moderately wounded.
You hit the worm.
The worm is heavily wounded.
The worm closely misses you.
You hit the worm.
The worm is heavily wounded.
The worm bites you.
You hit the worm.
The worm is severely wounded.
You barely miss the worm.
The worm is severely wounded.
The worm bites you but does no damage.
You hit the worm but do no damage.
The worm is severely wounded.
The worm barely misses you.
You completely miss the worm.
The worm is severely wounded.
You hit the worm but do no damage.
The worm is severely wounded.
The worm bites you.
* * * LOW HITPOINT WARNING * * *
You hit the worm.
The worm is severely wounded.
You completely miss the worm.
The worm is severely wounded.
The worm bites you!
You die...

..# #.#.. ...............
..# #.#.#####
........#######
..###.......# #.......# #
...........?### #.......#
....#.........# #.......#
....#.......##..# #.......#
........###..###. #########
....######.....### ....#
#...?bw@# (#.## #.....###
.#.##### ##..### .#.....#
#.## ### .#####.####..
###.# .........##.###(..#
.......#.#####....#########
.......#.# ##.#.#.#.#.#.#.#
....##.#.# #...............


You could see a worm and a bat.

Vanquished Creatures
  3 dart slugs
  7 ball pythons
  3 endoplasms
  10 giant cockroaches (D:2)
  5 goblins
  4 hobgoblins (D:1)
  8 jackals (D:2)
  3 quokkas (D:1)
  6 bats (D:1)
  2 frilled lizards (D:1)
  5 kobolds
  2 rats (D:1)
58 creatures vanquished.

Notes
Turn   | Place    | Note
-------+----------+-------------------------------------------
     0 | D:1      | Hubjo the Demonspawn Wanderer began the quest for the Orb.
     0 | D:1      | Hubjo set off with the following items: a +0 dagger, a +0
                  | ring mail, a potion of heal wounds, a +0 buckler of
                  | protection; and the following spell memorised: Summon Small
                  | Mammal; and the following spells available to memorise:
                  | Summon Guardian Golem
     0 | D:1      | Reached XP level 1. HP: 16/16 MP: 2/2
   243 | D:1      | Found Tovyexzo's Armour Shop.
   270 | D:1      | Gained mutation: You regenerate a little health from kills.
                  | [demonic ancestry]
   270 | D:1      | Reached XP level 2. HP: 21/22 MP: 3/3
  1058 | D:1      | Gained mutation: Spells you cast may paralyse adjacent
                  | enemies. [demonic ancestry]
  1058 | D:1      | Reached XP level 3. HP: 28/28 MP: 5/5
  1062 | D:1      | Found Heewitaf's General Store.
  1211 | D:1      | Found Ytogytimp's General Store.
  1219 | D:1      | Found Kiacoshrihin's Antique Weapon Emporium.
  1550 | D:2      | Found a hazy altar of Hepliaklqana.
  1591 | D:2      | Became a worshipper of Hepliaklqana the Forgotten
  1614 | D:2      | Reached skill level 3 in Shields
  1799 | D:2      | Gained mutation: You have an unusually large brain. (Int
                  | +2) [demonic ancestry]
  1799 | D:2      | Reached XP level 4. HP: 32/34 MP: 6/6
  1804 | D:2      | Learned a level 4 spell: Summon Lightning Spire
  2048 | D:2      | Slain by a worm

Illustrated notes

Levels and vault maps discovered:
D:1:      tarquinn_simple_flora_water_f, layout_loops_ring, serial_shops,
          nicolae_shop_behind_doors, shop, nicolae_shop_crystal,
          nicolae_shop_trees, minmay_3d_cube
D:2:      minmay_roachtagon, layout_basic, kennysheep_flooded_box,
          grunt_decor_clamped, minmay_door_square, st_stairs_12

Skill      XL: |  1  2  3 |
---------------+----------+-----
Armour         | 2 |  2.1
Shields        | 3 |  3.0
Invocations    | 2 |  2.0
Fighting       | |  2.9
Spellcasting   | |  1.6
Summonings     | |  1.6

Action                   |  1- 3 |  4- 6 || total
-------------------------+-------+-------++-------
Melee: Dagger            |   341 |    55 ||   396
  Use: Potion            |     1 |     1 ||     2
Armor: Ring mail         |   223 |    28 ||   251
Dodge: Dodged            |   187 |    23 ||   210
Block: Buckler           |    96 |    14 ||   110

Table legend: (Time is in decaauts)
 A = Elapsed time spent in this place.
 B = Non-inter-level travel time spent in this place.
 C = Inter-level travel time spent in this place.
 D = Time resting spent in this place.
 E = Time spent auto-exploring this place.
 F = Levels seen in this place.
 G = Mean time per level.
                   A        B        C        D        E       F      G
               +--------+--------+--------+--------+--------+-----+--------+
         Total |   2066 |   2056 |     10 |      0 |   1413 |   2 | 1033.0 |
       Dungeon |   2066 |   2056 |     10 |      0 |   1413 |   2 | 1033.0 |
               +--------+--------+--------+--------+--------+-----+--------+

Top non-repeatable levels by time:
     D:1: 1389 daAuts
     D:2: 676 daAuts
